[Event "*** Titled Tuesday Blitz"]
[Site "Chess.com"]
[Date "2019.03.05"]
[Round "7"]
[White "orrbaverlekszarnyon"]
[Black "Saitama_Hero"]
[Result "0-1"]
[WhiteElo "2166"]
[BlackElo "2229"]
[TimeControl "180+2"]
[EndTime "14:39:07 PST"]
[Termination "Saitama_Hero won by resignation"]

1. e4 c5 2. Nf3 g6 3. Nc3 Bg7 4. d4 cxd4 5. Nxd4 Nc6 6. Be3 Nf6 7. Nxc6 bxc6 8. Be2 Rb8 9. Bxa7 Rxb2 10. Bd4 Qa5 11. O-O e5 12. Na4 Rb8 13. Bc5 Nxe4 14. Bd6 Rb7 15.
c3 Nxd6 16. Qxd6 Qxa4 17. Rab1 Qa7 18. Bf3 f6 19. h4 Kf7 20. h5 Re8 21. Bg4 f5 22.
hxg6+ hxg6 23. Be2 Bf8 24. Bc4+ Kg7 25. Qd3 d5 26.
Bb3 f4 27. Rbe1 Rbe7 28. g3 Ba6 29. c4 e4 30. Qc3+ d4 31. Qa5 Re5 32. Qd2 e3 33. fxe3 dxe3 34. Qc3 e2+ 35. Rf2 Bc5 36. gxf4 Bxf2+ 0-1

[Event "*** Titled Tuesday Blitz"]
[Site "Chess.com"]
[Date "2019.03.05"]
[Round "7"]
[White "Quiet_Desperation"]
[Black "KyronGriffith"]
[Result "1-0"]
[WhiteElo "2405"]
[BlackElo "2304"]
[TimeControl "180+2"]
[EndTime "14:39:07 PST"]
[Termination "Quiet_Desperation won by resignation"]

1. e4 c5 2. d4 cxd4 3. c3 d3 4. Bxd3 Nc6 5. Nf3 g6 6. Bc4 Bg7 7. O-O d6 8. h3 Nf6 9. Re1 O-O 10. Bg5 a6 11. Qd2 b5 12. Bb3 Na5 13. Bh6 Nxb3 14. axb3 Bb7 15. Bxg7 Kxg7 16. Qd4 e5 17. Qd3 Qc7 18.
Nbd2 Rfd8 19. c4 h6 20. Rec1 Qb6 21. Nh2 Nh5 22. g3 Rf8 23. b4 bxc4 24. Nxc4 Qxb4 25. Qxd6 Qxd6 26. Nxd6 Rab8 27. Rc7 Ba8 28. Rxa6 Rxb2 29. Raa7 Rb1+ 30. Nf1 Kf6 31. Nxf7 Bxe4 32. Ra6+ Kf5 33. Nd6+ Ke6 34. Nxe4+ Kf5 35. Nd6+ Kg5 36. Kg2 Rb2 37.
Rf7 Rxf7 38. Nxf7+ Kf5 39. g4+ 1-0

[Event "*** Titled Tuesday Blitz"]
[Site "Chess.com"]
[Date "2019.03.05"]
[Round "7"]
[White "severomorskij"]
[Black "SerGo055"]
[Result "1-0"]
[WhiteElo "2712"]
[BlackElo "2499"]
[TimeControl "180+2"]
[EndTime "14:39:11 PST"]
[Termination "severomorskij won on time"]

1. d4 Nf6 2. Bg5 e6 3. e4 Be7 4. e5 Nd5 5. Bxe7 Qxe7 6. c4 Qb4+ 7. Nd2 Ne7 8. Qg4 Nf5 9. O-O-O Nc6 10. Ngf3 d5 11.
a3 Qa4 12. Bd3 dxc4 13. Bxf5 exf5 14. Qxg7 Rf8 15. d5 Na5 16. e6 fxe6 17. Rhe1 Bd7 18.
dxe6 O-O-O 19. exd7+ Kb8 20. Kb1 Rg8 21. Qc3 Rxd7 22.
Rc1 b5 23. Ne5 Rd6 24. g3 Rgd8 25. Re2 Rf8 26. Qc2 Qxc2+ 27. Kxc2 f4 28. Rce1 fxg3 29.
hxg3 Kb7 30. Ne4 Rh6 31. Nc5+ Kc8 32. Nf7 Rd6 33. Re8+ Rxe8 34. Rxe8+ 1-0

[Event "*** Titled Tuesday Blitz"]
[Site "Chess.com"]
[Date "2019.03.05"]
[Round "7"]
[White "StanislavNovikov"]
[Black "mouseWLZ"]
[Result "0-1"]
[WhiteElo "2630"]
[BlackElo "2512"]
[TimeControl "180+2"]
[EndTime "14:39:12 PST"]
[Termination "mouseWLZ won by resignation"]

1. e4 e5 2. Nf3 Nc6 3. Bc4 Bc5 4. c3 Nf6 5. d3 d6 6. Bb3 a6 7. Nbd2 Ba7 8. h3 O-O 9. Nf1 d5 10. Qe2 Be6 11. Ng3 dxe4 12. dxe4 Bxb3 13. axb3 Ne7 14.
Bg5 Ng6 15. Nh5 Qd6 16. Rd1 Qe6 17. Bxf6 gxf6 18. Qd2 Kh8 19. Qh6 Rg8 20. O-O Bc5 21. b4 Bf8 22. Qe3 Ne7 23. Kh2 Rg6 24. Qd3 f5 25.
exf5 Nxf5 26. Qe4 Bd6 27. g4 Nh6 28. Ng3 Rag8 29. Rd3 Nxg4+ 30. hxg4 Rxg4 31. Qd5 Qh6+ 32. Kg2 e4 33. Qd4+ f6 34. Qd5 exd3 35. Rh1 Rxg3+ 36.
fxg3 Rxg3+ 37. Kf2 Qxh1 0-1

[Event "*** Titled Tuesday Blitz"]
[Site "Chess.com"]
[Date "2019.03.05"]
[Round "7"]
[White "VeraNebolsina"]
[Black "JosefineHeinemann"]
[Result "0-1"]
[WhiteElo "2341"]
[BlackElo "2397"]
[TimeControl "180+2"]
[EndTime "14:39:12 PST"]
[Termination "JosefineHeinemann won by resignation"]

1. e4 c5 2. Nc3 Nc6 3. Bb5 Nd4 4. Nf3 Nxb5 5. Nxb5 d6 6. d4 cxd4 7. Qxd4 a6 8. Nc3 Nf6 9. Bg5 Nd7 10. Nd5 h6 11. Qc3 Nc5 12. Bh4 Be6 13. Nf4 Nxe4 14. Qb4 Nc5 15.
Nxe6 fxe6 16. Qg4 g5 17. Qh5+ Kd7 18. Bxg5 Qa5+ 19. Bd2 Qb6 20. Bc3 Rg8 21. O-O Qc6 22. Rad1 Kc7 23. g3 Bg7 24. Bxg7 Rxg7 25. Nd4 Qe4 26.
Rfe1 Qg6 27. Qxg6 Rxg6 28. b4 Na4 29. Nxe6+ Kd7 30. Nf4 Rg5 31. Nd5 Rg7 32. Re3 Rc8 33. Rde1 e5 34. Ra3 Kc6 35. Rxa4 Kxd5 36. Rd1+ Ke6 37.
Rd2 Rc3 38. b5 axb5 39. Rb4 Rc5 40. Kg2 Rgc7 41. Rh4 Rh7 42. Rg4 Kd7 43. Rg6 Rc6 44.
h4 Kc7 45. h5 b4 46. Re6 b5 47. f3 Rh8 48. g4 Ra8 49. Rxh6 Rxa2 50. Rg6 Raxc2 51.
Rxc2 Rxc2+ 52. Kg3 b3 53. h6 b2 54. h7 b1=Q 0-1

[Event "*** Titled Tuesday Blitz"]
[Site "Chess.com"]
[Date "2019.03.05"]
[Round "7"]
[White "StephenDedalus83"]
[Black "fm_magua"]
[Result "1-0"]
[WhiteElo "2694"]
[BlackElo "2473"]
[TimeControl "180+2"]
[EndTime "14:39:18 PST"]
[Termination "StephenDedalus83 won by resignation"]

1. e4 c5 2. Nf3 Nc6 3. d4 cxd4 4.
Nxd4 e5 5. Nb5 d6 6. N1c3 a6 7. Na3 b5 8. Nd5 Nce7 9. c4 Nxd5 10. exd5 bxc4 11. Nxc4 f5 12. Bd2 a5 13. Be3 Nf6 14. Qa4+ Bd7 15. Qa3 Qb8 16. Nb6 f4 17. Nxd7 Nxd7 18.
Bd2 Be7 19. Qa4 Ra7 20. Bb5 Bd8 21. O-O Ke7 22. Bxd7 Rxd7 23. Qe4 Kf8 24. b3 g6 25. Rac1 Kg7 26. Rc6 Rf8 27. Bc3 Kg8 28. Rd1 f3 29. g3 Qb5 30. Rd3 a4 31. b4 Bb6 32. a3 Rf5 33. Bd2 Bd4 34. Rc8+ Kg7 35. g4 Rf6 36. Rxf3 Rxf3 37. Qxf3 Rf7 38. Bh6+ Kxh6 39. Qxf7 Qe2 40. h3 Qe1+ 41. Kg2 Qe4+ 42. Qf3 Qb1 43. h4 1-0

[Event "*** Titled Tuesday Blitz"]
[Site "Chess.com"]
[Date "2019.03.05"]
[Round "7"]
[White "Korchmar_Vasiliy"]
[Black "LPSupi"]
[Result "1-0"]
[WhiteElo "2767"]
[BlackElo "2854"]
[TimeControl "180+2"]
[EndTime "14:39:19 PST"]
[Termination "Korchmar_Vasiliy won on time"]

1. d4 Nf6 2. c4 e6 3. g3 d5 4. Bg2 Bb4+ 5. Nd2 O-O 6. Nf3 b6 7.
O-O Bb7 8. Ne5 Be7 9. cxd5 Bxd5 10. Ndf3 Nbd7 11. Bf4 Nxe5 12. Bxe5 Nd7 13. Bf4 c5 14. Qa4 cxd4 15. Nxd4 Bxg2 16. Kxg2 Nc5 17. Qc4 Qd7 18. Rfd1 Rac8 19. Kg1 Rfd8 20. Nb3 Qxd1+ 21. Rxd1 Rxd1+ 22. Kg2 Rdd8 23. Nxc5 Rxc5 24. Qa6 Rc2 25. Qxa7 Kf8 26. Qxb6 Rxe2 27. a4 Re4 28. a5 Rb4 29. Qc7 Rxb2 30.
a6 Ra2 31. a7 f6 32. Be3 Kf7 33. Bc5 Re8 34. Qb7 Ra4 35. Bd6 Kf8 36. Bb8 Kf7 37.
h4 Ra2 38. h5 Ra5 39. g4 1-0

[Event "*** Titled Tuesday Blitz"]
[Site "Chess.com"]
[Date "2019.03.05"]
[Round "7"]
[White "W_Amadeus"]
[Black "Gr3egor"]
[Result "1-0"]
[WhiteElo "2636"]
[BlackElo "2510"]
[TimeControl "180+2"]
[EndTime "14:39:19 PST"]
[Termination "W_Amadeus won by resignation"]

1. e4 e5 2. Nf3 Nc6 3. Bb5 a5 4.
O-O Nf6 5. Bxc6 dxc6 6. Nxe5 Bc5 7. d3 O-O 8. Nd2 Re8 9. Ndf3 Ng4 10. Nxg4 Bxg4 11. h3 Bh5 12. Be3 Bd6 13. g4 Bg6 14. Nd4 Qh4 15. Qf3 h5 16. Qg2 hxg4 17. hxg4 f6 18. f4 Bc5 19. Rf3 f5 20. Nxf5 Bxf5 21. Bxc5 Bd7 22. Bd4 b6 23. Rh3 Qe7 24. f5 Qd6 25. Bc3 b5 26. Qh2 Qxh2+ 27. Kxh2 c5 28. Kg3 b4 29. Bd2 a4 30. Rah1 Kf7 31. Rh7 Rab8 32.
g5 Rg8 33. g6+ Kf8 34. Be3 Rb5 35. b3 Ra5 36. Kf4 Ke8 37. Rh8 Kf8 38. e5 Bc6 39. R1h2 Ra8 40. Bxc5+ 1-0

[Event "*** Titled Tuesday Blitz"]
[Site "Chess.com"]
[Date "2019.03.05"]
[Round "7"]
[White "champ2005"]
[Black "chessking2151"]
[Result "1-0"]
[WhiteElo "2787"]
[BlackElo "2595"]
[TimeControl "180+2"]
[EndTime "14:39:20 PST"]
[Termination "champ2005 won by resignation"]

1. e4 c6 2. d4 d5 3. e5 Bf5 4.
Nf3 e6 5. c3 Nd7 6. Be2 Bg6 7.
O-O Nh6 8. a4 Nf5 9. a5 Rc8 10.
Nbd2 a6 11. b4 Be7 12. Nb3 Qc7 13. Bd3 O-O 14. Qc2 Nh4 15. Nxh4 Bxh4 16. Bf4 Be7 17. Bg3 Qd8 18. Nc5 Rb8 19. f4 Bxc5 20. bxc5 Bxd3 21. Qxd3 g6 22. Rfb1 Qe7 23. Rb2 Rfc8 24. Rab1 Rc7 25. Qe2 Nf8 26. Qe1 Qe8 27. Bh4 Nd7 28. g4 Qf8 29. Rf2 Qh6 30. Bg3 Qh3 31. Qe2 f5 32.
exf6 Re8 33. f5 Kf7 34. Bxc7 exf5 35. Qf3 Qh4 36. Bg3 Qg5 37. Rxb7 Re1+ 38. Kg2 Qc1 39. Rxd7+ Kf8 40. Bd6+ Ke8 41. Re7+ Rxe7 42. fxe7 Qg5 43. Qg3 h5 44. gxf5 h4 45. Qxg5 h3+ 46. Kxh3 1-0

[Event "*** Titled Tuesday Blitz"]
[Site "Chess.com"]
[Date "2019.03.05"]
[Round "7"]
[White "nfogaras"]
[Black "King_of_the_wing"]
[Result "0-1"]
[WhiteElo "1822"]
[BlackElo "2142"]
[TimeControl "180+2"]
[EndTime "14:39:21 PST"]
[Termination "King_of_the_wing won by resignation"]

1. e4 c5 2. Nc3 e6 3. f4 d5 4. Bb5+ Bd7 5. Bxd7+ Qxd7 6. d3 d4 7. Nce2 Nc6 8. Nf3 Bd6 9. O-O Nge7 10. a3 O-O 11. Qe1 Ng6 12. Nh4 e5 13. f5 Nxh4 14.
Qxh4 f6 15. Rf3 Rf7 16. Rh3 h6 17. Bxh6 gxh6 18. Qxh6 Rh7 19. Qxf6 Rxh3 20. gxh3 Qg7+ 21. Qxg7+ Kxg7 22. Kf2 Kf7 23. Rg1 Rh8 24. Rg3 Be7 25. Kf3 Bf6 26. Kg4 b5 27. b3 a5 28. Ng1 Bh4 29. Rg2 a4 30. Nf3 Rg8+ 31. Kxh4 Rxg2 32. Ng5+ Ke7 33. Ne6 Rxc2 34. Kg5 Rg2+ 35. Kh5 axb3 36.
Nxc5 b2 0-1

[Event "*** Titled Tuesday Blitz"]
[Site "Chess.com"]
[Date "2019.03.05"]
[Round "7"]
[White "Cryptinz"]
[Black "kacprekt"]
[Result "1-0"]
[WhiteElo "2328"]
[BlackElo "2271"]
[TimeControl "180+2"]
[EndTime "14:39:22 PST"]
[Termination "Cryptinz won on time"]

1. e4 c5 2. Nf3 e6 3. d4 cxd4 4. Nxd4 Nc6 5. Nc3 Qc7 6. Be3 Nf6 7. f3 Bb4 8. Qd2 Nxd4 9. Qxd4 Bxc3+ 10. bxc3 d6 11.
Rd1 Ke7 12. e5 dxe5 13. Qb4+ Ke8 14. Bg5 a6 15. c4 Bd7 16. Be2 h6 17. Bh4 g5 18. Bf2 Qc6 19. Rd6 a5 20. Qa3 Qa4 21. Qd3 Qb4+ 22. c3 Qa4 23. O-O Kf8 24. Bg3 Qa3 25.
Bxe5 Qc5+ 26. Qd4 Qxd4+ 27. Rxd4 Ke7 28. Bxf6+ Kxf6 29. Rxd7 b6 30. f4 g4 31. f5 e5 32.
Rd6+ Kg5 33. f6 Rad8 34. Rd5 Rhe8 35. Bd3 Rxd5 36. cxd5 e4 37. Bc2 e3 38. Rf5+ 1-0

[Event "*** Titled Tuesday Blitz"]
[Site "Chess.com"]
[Date "2019.03.05"]
[Round "7"]
[White "LaughingTiger"]
[Black "chesstatour"]
[Result "1-0"]
[WhiteElo "2140"]
[BlackElo "2007"]
[TimeControl "180+2"]
[EndTime "14:39:24 PST"]
[Termination "LaughingTiger won by resignation"]

1. e4 c6 2. Nc3 d5 3. Nf3 dxe4 4.
Nxe4 Nf6 5. Nxf6+ gxf6 6. d4 Bg4 7. c3 e6 8. h3 Bh5 9. Be2 Bd6 10. Be3 Nd7 11. a4 Qc7 12. b4 Bf4 13. Qd2 Bxe3 14. Qxe3 O-O 15. g4 Bg6 16. h4 Nb6 17. h5 Nd5 18. Qh6 Be4 19. Rg1 Qf4 20. g5 Kh8 21. Nd2 Nxc3 22. Rg4 Qf5 23. Nxe4 Nxe4 24. Rxe4 Qxe4 25.
gxf6 Rg8 26. Kd2 Qxd4+ 27. Bd3 Qb2+ 28. Ke3 Qe5+ 29. Be4 Qg5+ 30. Qxg5 Rxg5 31. Rd1 Rxh5 32. Rd7 Rh6 33. Rxf7 Kg8 34. Rg7+ Kf8 35. Bxh7 Rxf6 36.
Rg8+ Ke7 37. Rxa8 Rh6 38. Be4 Kd6 39. Rxa7 b5 40. a5 c5 41. Ra6+ Ke5 42. bxc5 Rh3+ 43. f3 Rh1 44. f4+ Kf6 45. Bxh1 1-0

[Event "*** Titled Tuesday Blitz"]
[Site "Chess.com"]
[Date "2019.03.05"]
[Round "7"]
[White "tomozupan"]
[Black "DonPreuss"]
[Result "1-0"]
[WhiteElo "2229"]
[BlackElo "2199"]
[TimeControl "180+2"]
[EndTime "14:39:25 PST"]
[Termination "tomozupan won by resignation"]

1. d4 Nc6 2. Nf3 d6 3. g3 g6 4. Bg2 Bg7 5. O-O e5 6. c3 Nge7 7. d5 Nb8 8. e4 O-O 9. c4 f5 10. Nc3 f4 11. gxf4 exf4 12. Ne2 h6 13. Nxf4 g5 14. Nh5 Ng6 15. Nxg7 Kxg7 16. Be3 Nf4 17. Qd4+ Qf6 18. Qd2 Kh7 19. Bd4 Qg6 20. e5 Bh3 21. Bxh3 Nxh3+ 22. Kg2 Qe4 23. Qe3 Qg4+ 24. Kh1 Rxf3 25.
Qe2 Nd7 26. e6 Ne5 27. Bxe5 dxe5 28. Rae1 Raf8 29. e7 Nxf2+ 30. Rxf2 R8f4 31. Rxf3 Rxf3 32. e8=Q Rf4 33. Qe7+ Kg8 34. Qxg4 1-0

[Event "*** Titled Tuesday Blitz"]
[Site "Chess.com"]
[Date "2019.03.05"]
[Round "7"]
[White "PowerThinking2650"]
[Black "Poghosyan_Suren"]
[Result "1/2-1/2"]
[WhiteElo "2333"]
[BlackElo "2482"]
[TimeControl "180+2"]
[EndTime "14:39:27 PST"]
[Termination "Game drawn by repetition"]

1. e4 e5 2. Nf3 Nc6 3. Nc3 Nf6 4. d4 exd4 5. Nxd4 Bb4 6. Nxc6 bxc6 7. Bd3 d5 8. exd5 O-O 9. O-O cxd5 10. Bg5 c6 11.
Qf3 Bd6 12. Bxf6 Qxf6 13. Qxf6 gxf6 14. Ne2 Rb8 15. b3 c5 16. Rad1 Be6 17. Ng3 c4 18. bxc4 Bxg3 19. cxd5 Bxd5 20. fxg3 Bxa2 21. Ra1 Rb2 22.
Rxf6 Bb1 23. Rc6 Rb7 24. Ra5 f6 25. Bc4+ Kg7 26. Bb3 Rd8 27. Raa6 Rd2 28. h4 Re7 29. Rxf6 Bxc2 30. Bxc2 Rxc2 31. Rf2 Re1+ 32. Rf1 Ree2 33. Rxa7+ Kg6 34. Ra6+ Kg7 35. Kh2 Rxg2+ 36. Kh3 h5 37.
Ra7+ Kg6 38. Ra6+ Kg7 39. Ra7+ Kg6 40. Ra6+ Kh7 41. Ra7+ Kg8 42. Ra8+ Kg7 43. Ra7+ Kg6 44. Ra6+ Kg7 45. Ra7+ Kg8 46. Ra8+ Kh7 47. Ra7+ Kg6 48.
Ra6+ Kg7 1/2-1/2

[Event "*** Titled Tuesday Blitz"]
[Site "Chess.com"]
[Date "2019.03.05"]
[Round "7"]
[White "TBergh98"]
[Black "RiskyDecision"]
[Result "1-0"]
[WhiteElo "2383"]
[BlackElo "2430"]
[TimeControl "180+2"]
[EndTime "14:39:31 PST"]
[Termination "TBergh98 won by resignation"]

1. d4 Nf6 2. Bg5 d5 3. Bxf6 gxf6 4. e3 c5 5. Bb5+ Bd7 6. c4 Bxb5 7. cxb5 cxd4 8. Qxd4 e6 9. Nc3 Nd7 10. Nge2 Qb6 11.
Qh4 Rc8 12. O-O Rc4 13. Qh5 Bg7 14. Rad1 O-O 15. Nd4 Ne5 16. f4 Rxd4 17. exd4 Nc4 18. Rf3 f5 19. Rg3 Kh8 20. Rxg7 Kxg7 21. Qg5+ Kh8 22.
Qf6+ Kg8 23. Rd3 Rd8 24. Rg3+ Kf8 25. Rg7 Nd6 26. Rxh7 Ke8 27. a4 Kd7 28. h4 Kc8 29. h5 Ne4 30. Qg7 f6 31. Ne2 Kb8 32. h6 Rc8 33. Rh8 Rxh8 34. Qxh8+ Kc7 35. Qg7+ Kd6 36.
h7 Qa5 37. Qf8+ Kd7 38. h8=Q Qe1+ 39. Kh2 1-0

[Event "*** Titled Tuesday Blitz"]
[Site "Chess.com"]
[Date "2019.03.05"]
[Round "7"]
[White "Amirreza_p"]
[Black "Hangar-18"]
[Result "1-0"]
[WhiteElo "2787"]
[BlackElo "1983"]
[TimeControl "180+2"]
[EndTime "14:39:36 PST"]
[Termination "Amirreza_p won by resignation"]

1. e4 c5 2. Nf3 e6 3. d4 cxd4 4.
Nxd4 a6 5. Bd3 Ne7 6. O-O g6 7. Nc3 Bg7 8. Be3 O-O 9. Qd2 Nbc6 10. Nde2 d5 11. exd5 Nxd5 12. Nxd5 exd5 13. c3 d4 14. cxd4 Nxd4 15. Nxd4 Bxd4 16. Bh6 Re8 17. Rfe1 Be6 18. Be4 Qb6 19. Be3 Red8 20. Bxd4 Rxd4 21.
Qe3 Rad8 22. b3 Qb4 23. h3 b6 24. Bf3 Qd6 25. Rac1 Qf4 26. Qxf4 Rxf4 27. Rc6 Rb4 28.
Re2 a5 29. Kh2 a4 30. bxa4 Rxa4 31. Rxb6 Bxa2 32. Re7 Be6 33. Kg3 Rd3 34. h4 h5 35.
Rb1 Rdd4 36. Rh1 Kg7 37. Rb7 Kf6 38. Rb5 Ra3 39. Rg5 Rxh4 40. Kxh4 Ra4+ 41. g4 Rf4 42.
Bd1 Rxf2 43. gxh5 Rf4+ 44. Bg4 gxh5 45. Kxh5 Rb4 46. Rf1+ Ke7 47. Bxe6 fxe6 48. Re1 Rb8 1-0

[Event "*** Titled Tuesday Blitz"]
[Site "Chess.com"]
[Date "2019.03.05"]
[Round "7"]
[White "LearningChess2019"]
[Black "GMMatamoros"]
[Result "0-1"]
[WhiteElo "2378"]
[BlackElo "2536"]
[TimeControl "180+2"]
[EndTime "14:39:39 PST"]
[Termination "GMMatamoros won by resignation"]

1. e4 c5 2. Nc3 Nc6 3. Bb5 Nd4 4.
Nf3 a6 5. Bd3 Nc6 6. b3 e6 7.
Bb2 Nf6 8. O-O Qc7 9. Re1 Ng4 10. h3 Nge5 11. Nxe5 Nxe5 12. Bf1 Be7 13. d4 cxd4 14.
Qxd4 f6 15. Kh1 b5 16. Rad1 Bb7 17. a3 Rd8 18. Qe3 O-O 19. Qg3 Rc8 20. Re2 Rfd8 21. Qh4 Ng6 22. Qg4 Kf7 23. h4 Qf4 24. Qxf4 Nxf4 25.
Re3 Bc5 26. Rf3 Ng6 27. h5 Ne5 28. Rf4 g5 29. hxg6+ hxg6 30. Kg1 g5 31. Rf3 Nxf3+ 32. gxf3 b4 33. axb4 Bxb4 34. Rd3 Rc5 35. Be2 Ke7 36. Na4 Rxc2 0-1

[Event "*** Titled Tuesday Blitz"]
[Site "Chess.com"]
[Date "2019.03.05"]
[Round "7"]
[White "STAYFlow"]
[Black "Orest_Vovk"]
[Result "1-0"]
[WhiteElo "2227"]
[BlackElo "2137"]
[TimeControl "180+2"]
[EndTime "14:39:40 PST"]
[Termination "STAYFlow won on time"]

1. d4 e5 2. dxe5 Qe7 3. Nf3 Nc6 4. Bf4 Qb4+ 5. Bd2 Qxb2 6. Nc3 Bb4 7. Rb1 Qxc3 8.
Bxc3 Bxc3+ 9. Nd2 Nxe5 10. e3 Nf6 11. Bd3 d5 12. O-O O-O 13. Nf3 c5 14. Nxe5 Bxe5 15.
c4 dxc4 16. Bxc4 b6 17. Qf3 Bg4 18. Qc6 Rfc8 19. Qa4 Bd7 20. Qb3 Be8 21. Rbd1 b5 22. Be2 c4 23. Qc2 a5 24. f4 Bc7 25. a4 Bb6 26. axb5 Bxe3+ 27. Kh1 c3 28. Rf3 Ng4 29. Bd3 Bd4 30. Bxh7+ Kh8 31. Rxd4 Bxb5 32. Rh3 g6 33. Bxg6+ Kg8 34. Bxf7+ Kxf7 35. Qf5+ Nf6 36. Rh7+ Ke8 37. Qe6+ 1-0

[Event "*** Titled Tuesday Blitz"]
[Site "Chess.com"]
[Date "2019.03.05"]
[Round "7"]
[White "FearNoEvil12"]
[Black "Babas"]
[Result "0-1"]
[WhiteElo "1937"]
[BlackElo "2267"]
[TimeControl "180+2"]
[EndTime "14:39:41 PST"]
[Termination "Babas won by checkmate"]

1. e4 c5 2. Nc3 Nc6 3. f4 g6 4. Nf3 Bg7 5. Bc4 e6 6. f5 Nge7 7. fxg6 fxg6 8. d3 d5 9. Bb3 b5 10. O-O c4 11. dxc4 dxc4 12. Qxd8+ Kxd8 13. Rd1+ Bd7 14.
Ng5 Bxc3 15. bxc3 Kc8 16. Nf7 Rf8 17. Nd6+ Kd8 18. Bh6 Rg8 19. Nxc4 bxc4 20. Bxc4 Kc8 21. Rd6 Kc7 22. Rad1 Rad8 23. Bf4 e5 24. Bxg8 exf4 25. Bc4 Ne5 26. Bb5 N7c6 27. Be2 Rb8 28. h3 Rb2 29. Bd3 Rxa2 30. Rf6 Ra3 31. Rxf4 Rxc3 32. Rh4 h5 33. Rf4 a5 34. Rf8 Nb4 35. Bf1 Nxc2 36. Ra8 Nc6 37. Bb5 N2d4 38. Rxd4 Nxd4 39. Ra7+ Kb6 40. Rxd7 Nxb5 41.
Rg7 Rc6 42. g4 hxg4 43. hxg4 a4 44. Rd7 a3 45. Rd2 Nc3 46. e5 a2 47. Rb2+ Kc5 48. Rxa2 Nxa2 49. Kf2 Kd5 50. Kf3 Kxe5 51. Kg3 g5 52.
Kf3 Rc3+ 53. Ke2 Kf4 54. Kd2 Kxg4 55. Ke2 Kh3 56. Kf2 g4 57. Kg1 g3 58. Kf1 Re3 59. Kg1 Re1# 0-1

[Event "*** Titled Tuesday Blitz"]
[Site "Chess.com"]
[Date "2019.03.05"]
[Round "7"]
[White "PawnEatingZombie"]
[Black "bluejay1897"]
[Result "0-1"]
[WhiteElo "2132"]
[BlackElo "2159"]
[TimeControl "180+2"]
[EndTime "14:39:44 PST"]
[Termination "bluejay1897 won on time"]

1. d4 Nf6 2. c4 e6 3. Nc3 d5 4.
cxd5 exd5 5. Bg5 Be7 6. e3 O-O 7. Bd3 c5 8. dxc5 Bxc5 9. Nge2 Be6 10. O-O Nc6 11. Rc1 Be7 12. Nd4 Nxd4 13. exd4 a6 14. Na4 Nd7 15. Bxe7 Qxe7 16. Nc5 Nxc5 17. Rxc5 Rac8 18.
Qc2 h6 19. Rc1 Rxc5 20. Qxc5 Qg5 21. g3 g6 22. Re1 Rc8 23. Qb4 Rc1 24. Rxc1 Qxc1+ 25.
Kg2 Qd1 26. Qc3 Bg4 27. Bc2 Qe2 28. Bb3 h5 29. Bxd5 h4 30. gxh4 Qd1 31. Qe3 Kh7 32.
Bxf7 Be2 33. h5 Qf1+ 34. Kg3 Qg1+ 35. Kf4 g5+ 36. Ke5 Qxh2+ 37. Ke6 Bg4+ 38. Ke7 Qc7+ 39. Kf8 Qd6+ 0-1

[Event "*** Titled Tuesday Blitz"]
[Site "Chess.com"]
[Date "2019.03.05"]
[Round "7"]
[White "2nd_life"]
[Black "Vugar_Manafov"]
[Result "0-1"]
[WhiteElo "2400"]
[BlackElo "2417"]
[TimeControl "180+2"]
[EndTime "14:39:48 PST"]
[Termination "Vugar_Manafov won on time"]

1. e4 Nf6 2. e5 Nd5 3. d4 d6 4.
Nf3 Nb6 5. Be2 g6 6. O-O Bg7 7. Bf4 O-O 8. Nc3 Bf5 9. Re1 h6 10. Qd2 g5 11. Bg3 Nc6 12. exd6 cxd6 13. d5 Na5 14. b3 Rc8 15. Nd4 Bg6 16. Rad1 Nd7 17.
Bf1 Ne5 18. Ne4 Qb6 19. c4 Naxc4 20. bxc4 Nxc4 21. Bxc4 Rxc4 22. Nb3 Rxe4 23. Rxe4 Bxe4 24. Qe2 f5 25. Kh1 Qa6 26. Qe1 Bf6 27. f3 Bc2 28.
Rc1 Qxa2 29. Nd2 Kg7 30. f4 a6 31. Nf3 Be4 32. Nd2 Bd3 33. Nf3 Be4 34. Nd2 Bxd5 35. Qe3 Qb2 36. Re1 a5 37. fxg5 hxg5 38. Qd3 Bc6 39.
Rf1 f4 40. Bf2 Qb5 41. Nc4 d5 0-1

[Event "*** Titled Tuesday Blitz"]
[Site "Chess.com"]
[Date "2019.03.05"]
[Round "7"]
[White "Thjop"]
[Black "ShadyH9"]
[Result "1-0"]
[WhiteElo "2564"]
[BlackElo "2303"]
[TimeControl "180+2"]
[EndTime "14:39:48 PST"]
[Termination "Thjop won by resignation"]

1. e4 c5 2. Nf3 Nc6 3. Nc3 g6 4.
Bb5 Bg7 5. O-O e5 6. Nd5 Nge7 7. d3 h6 8. a3 O-O 9. b4 d6 10. c3 Nxd5 11. exd5 Ne7 12. Bc4 b6 13. a4 Bb7 14.
Qb3 f5 15. bxc5 Kh7 16. c6 Bc8 17. a5 bxa5 18. Qa3 e4 19. dxe4 fxe4 20. Nd4 Nf5 21. Nxf5 Rxf5 22. Be3 Qh4 23. g3 Qh3 24. Be2 Rxd5 25.
Rfd1 Be6 26. Rxd5 Bxd5 27. Qxd6 Be6 28. c7 Rf8 29. Bd4 Qf5 30. Rf1 Bxd4 31. cxd4 Rc8 32. Qe7+ Kh8 33. h4 Bd5 34. Rc1 Rf8 35. Qe5+ Qxe5 36.
dxe5 Rc8 37. Ba6 Be6 38. Bxc8 Bxc8 39. Rd1 Kg7 40. Rd8 1-0

[Event "*** Titled Tuesday Blitz"]
[Site "Chess.com"]
[Date "2019.03.05"]
[Round "7"]
[White "Denis_Palkovich"]
[Black "Maili15"]
[Result "1-0"]
[WhiteElo "2247"]
[BlackElo "2274"]
[TimeControl "180+2"]
[EndTime "14:39:48 PST"]
[Termination "Denis_Palkovich won by resignation"]

1. d4 d5 2. Bf4 Nf6 3. e3 c5 4. c3 Nc6 5. Nd2 Bf5 6. Qb3 Qb6 7. dxc5 Qxb3 8. axb3 e5 9. Bg3 Bxc5 10. Ngf3 Bd6 11. Bb5 Nd7 12. Nd4 Nxd4 13. exd4 f6 14. O-O O-O 15. Rfe1 Rfe8 16. Nf3 a6 17. Bxd7 Bxd7 18.
dxe5 fxe5 19. Bxe5 Bxe5 20. Rxe5 Rxe5 21. Nxe5 Bf5 22.
Rd1 Rd8 23. Rd2 Kf8 24. g4 Be6 25. f4 Ke7 26. Kf2 Kf6 27. Ke3 g5 28. h3 d4+ 29.
Rxd4 Rxd4 30. cxd4 gxf4+ 31. Kxf4 Bxb3 32. Nd7+ Ke7 33. Nc5 Bd5 34. Ke5 Bg2 35. h4 a5 36.
d5 b6 37. d6+ Kd8 38. Ne6+ Ke8 39. Nf4 Bf3 40. g5 b5 41. h5 a4 42.
g6 hxg6 43. h6 g5 44. h7 1-0

[Event "*** Titled Tuesday Blitz"]
[Site "Chess.com"]
[Date "2019.03.05"]
[Round "7"]
[White "Mbneu"]
[Black "yuki_chess123"]
[Result "1/2-1/2"]
[WhiteElo "2241"]
[BlackElo "2135"]
[TimeControl "180+2"]
[EndTime "14:39:49 PST"]
[Termination "Game drawn by repetition"]

1. d4 g6 2. f4 Bg7 3. Nf3 d5 4.
e3 Bg4 5. Bd3 Nf6 6. h3 Bxf3 7.
Qxf3 O-O 8. O-O c5 9. c3 Nc6 10.
Nd2 Rc8 11. f5 Qb6 12. fxg6 hxg6 13. Qf2 cxd4 14. exd4 e5 15. dxe5 Qxf2+ 16. Rxf2 Nxe5 17. Bc2 d4 18. Ne4 Nxe4 19. Bxe4 dxc3 20. bxc3 b6 21. Ba3 Rfe8 22. Bd5 Red8 23. c4 b5 24. Raf1 bxc4 25. Bxf7+ Kh7 26. Be7 Rd3 27. Bf6 c3 28. Bxg7 Kxg7 29.
Bb3 Rd2 30. Rxd2 cxd2 31. Rd1 Rc1 32. Kf2 Nd3+ 33. Ke3 Nb2 34. Rxd2 Nc4+ 35. Bxc4 Rxc4 36. Rd7+ Kh6 37. Rxa7 Kg5 38. Ra6 Rc3+ 39. Kf2 Kf5 40. g4+ Kg5 41. Kg2 Rc2+ 42. Kg3 Rc3+ 43. Kg2 Rc2+ 44.
Kf1 Rc3 45. Kg2 Rc2+ 46. Kg1 Rc3 47. Kg2 Rc2+ 1/2-1/2

[Event "*** Titled Tuesday Blitz"]
[Site "Chess.com"]
[Date "2019.03.05"]
[Round "7"]
[White "Annawel"]
[Black "therealtrader"]
[Result "1-0"]
[WhiteElo "2904"]
[BlackElo "2677"]
[TimeControl "180+2"]
[EndTime "14:39:50 PST"]
[Termination "Annawel won by checkmate"]

1. Nf3 Nf6 2. g3 e6 3. b3 b6 4. Bb2 Bb7 5. Bg2 Be7 6. O-O O-O 7. d3 c5 8. e4 d6 9. Nbd2 Nbd7 10. h3 b5 11. a4 a6 12. Qe2 Qc7 13. axb5 axb5 14. d4 cxd4 15. Nxd4 b4 16. Nc4 Ne5 17. Nb5 Qc5 18.
Nxe5 dxe5 19. c4 bxc3 20. Ba3 Rxa3 21. Nxa3 Ra8 22. Nc2 Rb8 23. b4 Qb6 24. Ra3 Rc8 25.
Qd3 Qc7 26. Rb1 h5 27. Rbb3 Rd8 28. Rxc3 Qb6 29. Qe3 Rd1+ 30. Kh2 Qb5 31. Ra5 Qd7 32. Ra7 Qb5 33. Na3 Qd7 34. Nc4 Bxb4 35.
Nxe5 Qb5 36. Rc7 Bxe4 37. Rxf7 Qxe5 38. Rxg7+ Kh8 39. Qh6+ Bh7 40. Ra8+ Ng8 41. Raxg8# 1-0